 Dungeon Crawl Stone Soup version 0.22.0 (webtiles) character file.

11 EvilAliv3 the Vexing (level 2, 0/16 HPs)
             Began as a Deep Elf Arcane Marksman on Aug 22, 2018.
             Slain by a jackal (1 damage)
             ... on level 1 of the Dungeon on Aug 23, 2018.
             The game lasted 00:03:02 (486 turns).

EvilAliv3 the Vexing (Deep Elf Arcane Marksman)      Turns: 486, Time: 00:03:03

Health: 0/16       AC:  2    Str:  7    XL:     2   Next: 17%
Magic:  6/6        EV: 13    Int: 17    God:
Gold:   14         SH:  0    Dex: 15    Spells: 3/4 levels left

rFire    . . .     SeeInvis .   a - +0 shortbow
rCold    . . .     Gourm    .   (shield currently unavailable)
rNeg     . . .     Faith    .   e - +0 robe
rPois    .         Spirit   .   (no helmet)
rElec    .         Reflect  .   (no cloak)
rCorr    .         Harm     .   (no gloves)
MR       .....                  (no boots)
Stlth    +.........             (no amulet)
HPRegen  0.05/turn              (no ring)
MPRegen  0.10/turn              (no ring)

@: drained
A: no striking features
a: no special abilities


You were on level 1 of the Dungeon.
You were not hungry.

You visited 1 branch of the dungeon, and saw 1 of its levels.

You collected 14 gold pieces.

Inventory:

Hand Weapons
 a - a +0 shortbow (weapon)
 l - a +0 dagger
Armour
 e - a +0 robe (worn)
 i - a +0 ring mail
Scrolls
 h - a scroll of identify {unknown}
 j - a scroll of remove curse {unknown}
 k - a scroll of enchant armour {unknown}
Potions
 b - a potion of might {unknown}
 g - a potion of heal wounds {unknown}
Comestibles
 c - 4 chunks of flesh
 f - a ration


   Skills:
 + Level 1.0(0.6) Fighting
 * Level 2.6(2.1) Bows
 + Level 2.6(2.2) Dodging
 + Level 1.8(1.4) Spellcasting
 + Level 4.1(3.6) Hexes


You had 3 spell levels left.
You knew the following spells:

 Your Spells              Type           Power        Failure   Level  Hunger
a - Corona                Hex            ##.....      4%          1    ##.....

Your spell library contained the following spells:

 Spells                   Type           Power        Failure   Level  Hunger
 Cause Fear               Hex            ##........   41%         4    #####..
 Slow                     Hex            ##......     7%          2    ###....
 Portal Projectile        Hex/Tloc       #.....       28%         3    ####...
 Leda's Liquefaction      Hex/Erth       #.........   67%         4    #####..
 Inner Flame              Hex/Fire       #.......     28%         3    ####...


Dungeon Overview and Level Annotations

Branches:
Dungeon (1/15)

Altars:


Message History

The jackal barks!
The goblin hits you but does no damage.
You feel drained.
The goblin hits you with a dagger of draining.
* * * LOW HITPOINT WARNING * * *
You feel drained. The jackal bites you.
* * * LOW HITPOINT WARNING * * *
You see here 8 javelins.
The jackal barely misses you.
Firing (i - inventory)
d - 2 arrows (quivered)
Press: ? - help, Shift-Dir - straight line, f/p - goblin
Aim: a goblin, wielding a dagger of draining You shoot an arrow.
The arrow hits the jackal.
The jackal is moderately wounded.
Firing (i - inventory)
d - an arrow (quivered)
Press: ? - help, Shift-Dir - straight line, f/p - goblin
Aim: a goblin, wielding a dagger of draining You shoot an arrow.
The arrow hits the jackal!
You kill the jackal!
The jackal bites you.
You die...

###.###
#.#.#9##################
(.######.###.................
....#O#.#V#.################
# ..#.###.###.# ### ###
#.#.#T#.#K#.# #..
..####.#.###.###.# #.#
#...##.#.#g#.#a#.# #.#
.##......###.###@# #.#
.####)...#p#.#6#h# ####'#
.+..K....###'###g# #.....
.######....#.#...# #..... .#
####.#.....### #..... .#
#.....###'### ########...).
## #.....##....#
#............ #.....(#....#
#.........### ###
#....#)#....# #.........#..


You could see a jackal and a goblin.

Vanquished Creatures
  A leopard gecko (D:1)
  3 hobgoblins (D:1)
  A jackal (D:1)
  2 frilled lizards (D:1)
  2 goblins (D:1)
  A rat (D:1)
10 creatures vanquished.

Notes
Turn   | Place    | Note
-------+----------+-------------------------------------------
     0 | D:1      | EvilAliv3 the Deep Elf Arcane Marksman began the quest for the Orb.
     0 | D:1      | Reached XP level 1. HP: 11/11 MP: 5/5
     2 | D:1      | Noticed a naga
     2 | D:1      | Noticed a minotaur
     4 | D:1      | Noticed a vine stalker
     4 | D:1      | Noticed a merfolk
     6 | D:1      | Noticed a draconian
     8 | D:1      | Noticed a ghoul
     8 | D:1      | Noticed a tengu
    10 | D:1      | Noticed a demigod
    10 | D:1      | Noticed an elf
    12 | D:1      | Noticed a spriggan
    12 | D:1      | Noticed an octopode
    14 | D:1      | Noticed a human
    14 | D:1      | Noticed a centaur
    16 | D:1      | Noticed a felid
    18 | D:1      | Noticed a gargoyle
    20 | D:1      | Noticed an ogre
    20 | D:1      | Noticed a vampire
    22 | D:1      | Noticed a troll
    24 | D:1      | Noticed a dwarf
    24 | D:1      | Noticed a formicid
    26 | D:1      | Noticed a halfling
    26 | D:1      | Noticed a demonspawn
   445 | D:1      | Reached skill level 1 in Fighting
   445 | D:1      | Reached XP level 2. HP: 6/16 MP: 4/6
   486 | D:1      | Slain by a jackal

Skill      XL: |  1 |
---------------+----+-----
Fighting       | 1 |  1.0
Bows           | |  2.6
Dodging        | |  2.6
Spellcasting   | |  1.8
Hexes          | |  4.1

Action                   || total
-------------------------++-------
 Fire: Shortbow          ||    33
 Cast: Corona            ||     8
Armor: Robe              ||     1
Dodge: Dodged            ||    17
